 Dungeon Crawl Stone Soup version 0.27-a0-343-gfcad680f63 (webtiles) character file.

Game seed: 12738503178782973606

33810 wampuh the Fighter (level 13, 0/169 HPs)
             Began as a Gnoll Wanderer on Feb 14, 2021.
             Was an Elder of Fedhas.
             Succumbed to a black mamba's poison
             ... on level 2 of the Lair of Beasts.
             The game lasted 00:52:48 (23010 turns).

wampuh the Fighter (Gnoll Wanderer)                Turns: 23010, Time: 00:52:48

Health: 0/169      AC: 26    Str: 12    XL:     13   Next: 73%
Magic:  25/25      EV:  2    Int: 19    God:    Fedhas [****..]
Gold:   1482       SH:  5    Dex:  9    Spells: 29/29 levels left

rFire    + . .     SeeInvis .   G - +4 hand axe "Syihecla" {flame, rElec rPois rN++ Str-3 Int+3}
rCold    + . .     Faith    .   (no shield)
rNeg     + + +     Spirit   .   (armour currently unavailable)
rPois    +         Reflect  +   (helmet currently unavailable)
rElec    +         Harm     .   (cloak currently unavailable)
rCorr    +         Rampage  .   (gloves currently unavailable)
Will     +....     NoTele   +   (boots currently unavailable)
Stlth    ++++......             h - amulet of reflection
HPRegen  0.38/turn              d - ring of wizardry
MPRegen  0.19/turn              E - ring of willpower

@: lethally poisoned (0 -> -4), tree-form, resistant
A: distributed training, strong nose
a: Renounce Religion, Wall of Briars, Grow Ballistomycete, Overgrow


You were on level 2 of the Lair of Beasts.
You worshipped Fedhas.
Fedhas was greatly pleased with you.
You were a tree.
You visited 3 branches of the dungeon, and saw 16 of its levels.
You also visited: Ossuary.

You collected 1482 gold pieces.

Inventory:

Hand Weapons
 F - the +7 flail "wampuh's Doom" {vamp, rF+ Str+5 Int+3}
   (You found it on level 5 of the Dungeon)

   It inflicts no extra harm, but heals its wielder when it wounds a living foe.
   It affects your strength (+5).
   It affects your intelligence (+3).
   It protects you from fire.
 G - the +4 hand axe "Syihecla" (weapon) {flame, rElec rPois rN++ Str-3 Int+3}
   (You found it on level 6 of the Dungeon)

   It has been specially enchanted to burn those struck by it, causing extra
   injury to most foes and up to half again as much damage against particularly
   susceptible opponents.
   Big, fiery blades are also staple armaments of hydra-hunters.
   It affects your strength (-3).
   It affects your intelligence (+3).
   It insulates you from electricity.
   It protects you from poison.
   It greatly protects you from negative energy.
 R - the +6 scimitar "Kuongush" {vorpal, Dex+4}
   (You found it on level 1 of the Lair of Beasts)

   It inflicts extra damage upon your enemies.
   It affects your dexterity (+4).
 T - the +10 short sword "Komaus" {freeze, Will+ Int+2}
   (You found it on level 2 of the Lair of Beasts)

   It has been specially enchanted to freeze those struck by it, causing extra
   injury to most foes and up to half again as much damage against particularly
   susceptible opponents.
   It can also slow down cold-blooded creatures.
   It affects your intelligence (+2).
   It affects your willpower, your defense against some magical effects.
Missiles
 b - 5 curare-tipped darts (quivered)
 z - 6 javelins
 I - a throwing net
Armour
 c - a +2 hat (melded)
 k - a +4 chain mail of cold resistance (melded)
 x - a +0 leather armour
 H - a +2 pair of gloves (melded)
Magical Staves
 Q - a staff of earth
Jewellery
 d - a ring of wizardry (left branch)
 h - an amulet of reflection (around neck)
 w - a ring of flight
 A - a ring of fire
 E - a ring of willpower (right branch)
 K - a ring of magical power
 O - a ring of magical power
Wands
 e - a wand of polymorph (6)
 i - a wand of iceblast (17)
 o - a wand of acid (5)
 t - a wand of paralysis (4)
 C - a wand of digging (14)
 J - a wand of flame (39)
 N - a wand of random effects (17)
Scrolls
 f - 5 scrolls of enchant weapon
 g - 2 scrolls of noise
 l - 13 scrolls of teleportation
 m - 4 scrolls of enchant armour
 n - 3 scrolls of immolation
 D - a scroll of silence
 M - a scroll of identify
 P - a scroll of amnesia
Potions
 a - a potion of invisibility
 j - 4 potions of attraction
 p - a potion of resistance
 q - 4 potions of might
 s - 2 potions of haste
 u - a potion of lignification
 B - a potion of flight
 L - a potion of cancellation


   Skills:
 + Level 14.2 Fighting
 + Level 8.5 Short Blades
 + Level 8.5 Long Blades
 + Level 8.5 Axes
 + Level 8.5 Maces & Flails
 + Level 9.0 Polearms
 + Level 8.5 Staves
 + Level 8.5 Slings
 + Level 8.5 Bows
 + Level 8.5 Crossbows
 + Level 9.7 Throwing
 + Level 8.5 Armour
 + Level 8.5 Dodging
 + Level 8.5 Stealth
 + Level 8.5 Shields
 + Level 9.0 Unarmed Combat
 + Level 8.5 Spellcasting
 + Level 7.1 Conjurations
 + Level 7.1 Hexes
 + Level 7.1 Summonings
 + Level 7.1 Necromancy
 + Level 7.1 Translocations
 + Level 7.1 Transmutations
 + Level 7.1 Fire Magic
 + Level 7.1 Ice Magic
 + Level 7.1 Air Magic
 + Level 7.1 Earth Magic
 + Level 7.1 Poison Magic
 + Level 9.3 Invocations
 + Level 8.5 Evocations


You had 29 spell levels left.
You didn't know any spells.
Your spell library contained the following spells:

 Spells                   Type           Power        Failure   Level
 Animate Skeleton         Necr           70%          1%          1
 Apportation              Tloc           70%          1%          1
 Corona                   Hex            38%          1%          1
 Summon Small Mammal      Summ           100%         1%          1


Dungeon Overview and Level Annotations

Branches:
Dungeon (11/15)            Temple (0/1) D:7            Lair (3/6) D:10
  Snake (0/4) Lair:2          Orc (2/2) D:10        Ossuary (visited)
  Swamp: Lair:2-4    Shoals: Lair:2-4       Elf: Orc:2

Altars:
Ashenzari
Dithmenos
Fedhas
Makhleb
Okawaru
Qazlal
Sif Muna
Trog
Xom

Shops:
D:9 *

Annotations:
Orc:2 Saint Roka, Urug


Innate Abilities, Weirdness & Mutations

Your experience applies equally to all skills.
((You have very sharp teeth.))
Your uncanny sense of smell can sniff out nearby items.


Message History

Aim: a black mamba (almost dead, 43% to evade)
The bolt of acid hits the black mamba!
The black mamba is splashed with acid.
The acid corrodes the black mamba!
You kill the black mamba!
Fedhas accepts your kill.
* * * LOW HITPOINT WARNING * * *
You feel sick.
Okay, then.
Okay, then.
Cleave: G) +4 hand axe "Syihecla" {flame, rElec rPois rN++ Str-3 Int+3}
Press: ? - help, Dir - move target, f - you
Okay, then.
Okay, then.
Okay, then.
As you read the scroll labelled WUIS HACEDACS, it crumbles to dust.
It is a scroll of brand weapon.
You aren't carrying any weapons that can be branded.
* * * LOW HITPOINT WARNING * * *
You feel sick.
Really quaff the potion of lignification?
You turn into a tree.
Your +2 hat melds into your body.
Your +2 pair of gloves melds into your body.
Your +4 chain mail of cold resistance melds into your body.
You feel less resistant to cold.
Your roots penetrate the ground.
* * * LOW HITPOINT WARNING * * *
You feel sick.
It was a potion of magic.
Magic courses through your body.
* * * LOW HITPOINT WARNING * * *
You feel sick.
Okay, then.
You feel protected.
* * * LOW HITPOINT WARNING * * *
You feel sick.
Okay, then.
Okay, then.
There is a lethal amount of poison in your body!
* * * LOW HITPOINT WARNING * * *
You feel sick.
You die...
Fedhas appreciates your contribution to the ecosystem.

..###.##.....##.....##.....#..##
.............#.......#.....#...#
.....#...[...##..♣..##.....#..##
......###..♣..#........♣..##..##
.)...## #.....#.....#.....#....##
.).^.# ##.......♣.......##.<....
.....### #..............#........
.......# ###..♣..>..♣..##.......#
.......######...♣†....##........#
.....≈...#.###...♣.......##...#..
....≈≈≈≈≈..####.....#............
...≈≈≈≈≈≈≈...####+###......).....
..≈≈≈P..÷≈≈...##...##............
.≈≈≈.....≈≈≈.....................
.≈≈.≈.....≈≈...♣.>.♣.............
.≈≈≈..>.≈.≈≈.....................
.≈≈.......≈≈#.#..♣.##............


There were no monsters in sight!

Vanquished Creatures
  Gastronok (D:11)
  Josephine (D:11)
  Harold (Lair:1)
  2 hydras
  A catoblepas (Lair:1)
  Erolcha (D:10)
  2 two-headed ogres
  Erica (Lair:2)
  An orc high priest (Orc:1)
  Nergalle (Orc:1)
  Pikel (D:7)
  A lindwurm (Lair:1)
  An orc sorcerer (Orc:1)
  An orc knight (D:11)
  An elephant (Lair:1)
  An elephant (shapeshifter) (D:10)
  3 black mambas
  10 cane toads
  4 rime drakes
  5 komodo dragons
  3 trolls
  Prince Ribbit (Lair:1)
  5 blink frogs
  4 wyverns
  19 yaks
  2 wraiths (D:11)
  Grum (Lair:1)
  A naga (Lair:2)
  A warg (Orc:1)
  6 water moccasins
  24 orc warriors
  3 black bears
  2 ice beasts
  4 necrophages (D:8)
  9 ogres
  7 centaurs
  18 wolves
  3 sky beasts
  3 phantoms
  3 kobold brigands
  7 bullfrogs
  A water moccasin zombie (D:10)
  4 scorpions
  9 killer bees
  A howler monkey (D:11)
  7 wights
  2 centaur zombies
  A bullfrog zombie (D:10)
  4 hounds
  A quasit (D:8)
  2 gnoll shamans
  11 orc priests
  2 jellies
  2 bullfrog skeletons (D:8)
  An iguana (D:7)
  10 orc wizards
  6 worker ants
  A killer bee zombie (D:8)
  A hound zombie (D:6)
  A hound skeleton (D:8)
  3 mummies
  2 howler monkey skeletons
  2 howler monkey zombies (D:8)
  2 worker ant zombies
  16 adders
  13 gnolls
  2 white imps
  An ooze (D:6)
  An adder zombie (D:8)
  An adder skeleton (D:5)
  6 worms
  A dart slug (D:2)
  9 leopard geckos
  83 orcs
  A spectral bat (Ossuary)
  5 bats
  A bat simulacrum (Ossuary)
  6 giant cockroaches
  12 gnoll zombies (Ossuary)
  9 goblins
  8 hobgoblins
  18 jackals
  18 kobolds
  3 quokkas
  5 frilled lizards
  4 goblin simulacra (Ossuary)
  4 goblin zombies (Ossuary)
  6 hobgoblin zombies (Ossuary)
  A jackal zombie (D:8)
  2 kobold simulacra (Ossuary)
  5 kobold zombies (Ossuary)
  3 orc zombies (Ossuary)
  11 rats
  2 rat simulacra (Ossuary)
  5 spectral goblins (Ossuary)
  3 spectral kobolds (Ossuary)
  4 spectral rats (Ossuary)
511 creatures vanquished.

Vanquished Creatures (collateral kills)
  2 wraiths (D:11)
  2 yaks (D:10)
  A wyvern (Lair:1)
  2 basilisks (D:10)
  A water moccasin (D:10)
  An orc warrior (D:11)
  A bullfrog (Lair:1)
  A scorpion (D:10)
  2 iguanas (D:10)
  An orc (Orc:1)
  31 ballistomycete spores
45 creatures vanquished.

Vanquished Creatures (others)
  An orc (D:11)
  A goblin simulacrum (Ossuary)
  3 kobolds (D:11)
  A kobold simulacrum (Ossuary)
  2 rat simulacra (Ossuary)
  13 fungi
  17 plants
  11 toadstools (Lair:1)
  2 withered plants (D:8)
51 creatures vanquished.

Grand Total: 607 creatures vanquished

Notes
Turn   | Place    | Note
-------+----------+-------------------------------------------
     0 | D:1      | Reached skill level 12 in Fighting
     0 | D:1      | wampuh the Gnoll Wanderer began the quest for the Orb.
     0 | D:1      | wampuh set off with the following items: a +2 dagger, 3
                  | curare-tipped darts, a +0 quarterstaff, a +0 spear, a +0
                  | robe
     0 | D:1      | Reached XP level 1. HP: 31/31 MP: 1/1
   392 | D:1      | Reached XP level 2. HP: 21/38 MP: 2/2
  1118 | D:1      | You fall into a shaft and drop 1 floor!
  1123 | D:2      | Reached XP level 3. HP: 35/44 MP: 3/3
  1369 | D:2      | Reached skill level 1 in Invocations
  1540 | D:2      | Reached skill level 1 in Short Blades
  1540 | D:2      | Reached skill level 1 in Long Blades
  1540 | D:2      | Reached skill level 1 in Axes
  1540 | D:2      | Reached skill level 1 in Maces & Flails
  1540 | D:2      | Reached skill level 1 in Staves
  1540 | D:2      | Reached skill level 1 in Slings
  1540 | D:2      | Reached skill level 1 in Bows
  1540 | D:2      | Reached skill level 1 in Crossbows
  1540 | D:2      | Reached skill level 1 in Armour
  1540 | D:2      | Reached skill level 1 in Dodging
  1540 | D:2      | Reached skill level 1 in Stealth
  1540 | D:2      | Reached skill level 1 in Shields
  1540 | D:2      | Reached skill level 1 in Spellcasting
  1540 | D:2      | Reached skill level 1 in Evocations
  1688 | D:2      | Reached XP level 4. HP: 51/51 MP: 5/5
  1808 | D:2      | Found a blossoming altar of Fedhas.
  1813 | D:2      | Became a worshipper of Fedhas Madash
  2309 | D:2      | Reached skill level 1 in Conjurations
  2309 | D:2      | Reached skill level 1 in Hexes
  2309 | D:2      | Reached skill level 1 in Summonings
  2309 | D:2      | Reached skill level 1 in Necromancy
  2309 | D:2      | Reached skill level 1 in Translocations
  2309 | D:2      | Reached skill level 1 in Transmutations
  2309 | D:2      | Reached skill level 1 in Fire Magic
  2309 | D:2      | Reached skill level 1 in Ice Magic
  2309 | D:2      | Reached skill level 1 in Air Magic
  2309 | D:2      | Reached skill level 1 in Earth Magic
  2309 | D:2      | Reached skill level 1 in Poison Magic
  2323 | D:2      | Found a faded altar of an unknown god.
  3325 | D:3      | Reached XP level 5. HP: 57/57 MP: 6/6
  3529 | D:3      | Reached * piety under Fedhas
  4043 | D:4      | Noticed a yak
  4089 | D:4      | Killed a yak
  4090 | D:4      | Reached skill level 5 in Throwing
  4090 | D:4      | Reached XP level 6. HP: 29/64 MP: 7/9
  5082 | D:4      | Found a burning altar of Makhleb.
  5352 | D:5      | Entered Level 5 of the Dungeon
  5352 | D:5      | Noticed a sky beast
  5547 | D:5      | Killed a sky beast
  5548 | D:5      | Reached XP level 7. HP: 56/70 MP: 10/10
  5677 | D:5      | Found a shimmering blue altar of Sif Muna.
  6063 | D:5      | Noticed a moth of wrath
  6065 | D:5      | Found a bloodstained altar of Trog.
  6094 | D:5      | Reached ** piety under Fedhas
  6147 | D:5      | Got a twisted flail
  6151 | D:5      | Identified the +7 flail "wampuh's Doom" {vamp, rF+ Str+5
                  | Int+3} (You found it on level 5 of the Dungeon)
  6415 | D:5      | Found a burning altar of Makhleb.
  6746 | D:6      | Found a shadowy altar of Dithmenos.
  7018 | D:6      | Got an ichor-stained hand axe
  7026 | D:6      | Identified the +4 hand axe "Syihecla" {flame, rElec rPois
                  | rN++ Str-3 Int+3} (You found it on level 6 of the Dungeon)
  7379 | D:7      | Found a shimmering altar of Xom.
  7379 | D:7      | Found a stormy altar of Qazlal.
  7380 | D:7      | Found a broken altar of Ashenzari.
  7410 | D:7      | Reached XP level 8. HP: 73/77 MP: 12/12
  7730 | D:7      | Found a sand-covered staircase.
  7744 | Ossuary  | Entered an ossuary
  7808 | Ossuary  | Reached *** piety under Fedhas
  7967 | Ossuary  | Reached **** piety under Fedhas
  8143 | D:7      | Noticed Pikel
  8158 | D:7      | Killed Pikel
  8159 | D:7      | Reached XP level 9. HP: 83/83 MP: 14/14
  8356 | D:7      | Found a staircase to the Ecumenical Temple.
  8448 | D:7      | Got an encrusted mace
  8449 | D:7      | Identified the +8 mace "Efim" {flame, *Slow +Inv Will+++
                  | Dex+2} (You found it on level 7 of the Dungeon)
  8737 | D:8      | Reached skill level 5 in Polearms
  8737 | D:8      | Reached skill level 5 in Unarmed Combat
  9187 | D:8      | Reached skill level 5 in Invocations
  9322 | D:8      | Reached ***** piety under Fedhas
  9490 | D:7      | Reached XP level 10. HP: 55/91 MP: 17/17
  9929 | D:8      | Reached skill level 5 in Short Blades
  9929 | D:8      | Reached skill level 5 in Long Blades
  9929 | D:8      | Reached skill level 5 in Axes
  9929 | D:8      | Reached skill level 5 in Maces & Flails
  9929 | D:8      | Reached skill level 5 in Staves
  9929 | D:8      | Reached skill level 5 in Slings
  9929 | D:8      | Reached skill level 5 in Bows
  9929 | D:8      | Reached skill level 5 in Crossbows
  9929 | D:8      | Reached skill level 5 in Armour
  9929 | D:8      | Reached skill level 5 in Dodging
  9929 | D:8      | Reached skill level 5 in Stealth
  9929 | D:8      | Reached skill level 5 in Shields
  9929 | D:8      | Reached skill level 5 in Spellcasting
  9929 | D:8      | Reached skill level 5 in Evocations
 11132 | D:9      | Noticed a two-headed ogre
 11159 | D:9      | Killed a two-headed ogre
 11160 | D:9      | Reached skill level 13 in Fighting
 11376 | D:9      | Found Fomo's General Store.
 11936 | D:10     | Entered Level 10 of the Dungeon
 12168 | D:10     | Reached XP level 11. HP: 80/98 MP: 11/19
 12192 | D:10     | Found a staircase to the Lair.
 12223 | D:10     | Noticed Erolcha
 12252 | D:10     | Killed Erolcha
 12253 | D:10     | Reached skill level 5 in Conjurations
 12253 | D:10     | Reached skill level 5 in Hexes
 12253 | D:10     | Reached skill level 5 in Summonings
 12253 | D:10     | Reached skill level 5 in Necromancy
 12253 | D:10     | Reached skill level 5 in Translocations
 12253 | D:10     | Reached skill level 5 in Transmutations
 12253 | D:10     | Reached skill level 5 in Fire Magic
 12253 | D:10     | Reached skill level 5 in Ice Magic
 12253 | D:10     | Reached skill level 5 in Air Magic
 12253 | D:10     | Reached skill level 5 in Earth Magic
 12253 | D:10     | Reached skill level 5 in Poison Magic
 12740 | D:10     | Found a staircase to the Orcish Mines.
 13391 | Lair:1   | Entered Level 1 of the Lair of Beasts
 13452 | D:10     | HP: 4/98 [black mamba (13)]
 13941 | Lair:1   | Noticed a seven-headed hydra
 14186 | Orc:1    | Entered Level 1 of the Orcish Mines
 14187 | Orc:1    | Noticed an orc sorcerer
 14200 | Orc:1    | Noticed Nergalle
 14201 | Orc:1    | Killed an orc sorcerer
 14705 | D:11     | Noticed an orc knight
 14765 | D:11     | Killed an orc knight
 15012 | D:11     | Reached XP level 12. HP: 74/105 MP: 22/22
 15160 | D:11     | Noticed Josephine
 15175 | D:11     | Killed Josephine
 15828 | D:11     | Noticed Gastronok
 16079 | D:11     | Killed Gastronok
 16187 | Orc:1    | Noticed a two-headed ogre
 16188 | Orc:1    | Killed Nergalle
 16192 | Orc:1    | Killed a two-headed ogre
 16332 | Orc:1    | Noticed an orc high priest
 16655 | Orc:1    | Killed an orc high priest
 17152 | Orc:2    | Entered Level 2 of the Orcish Mines
 17210 | Orc:2    | Noticed Saint Roka
 17243 | Orc:2    | Noticed an orc warlord
 17243 | Orc:2    | Noticed Urug
 18696 | D:10     | Killed a seven-headed hydra
 19057 | Lair:1   | Reached XP level 13. HP: 90/112 MP: 24/24
 19336 | Lair:1   | Noticed Prince Ribbit
 19347 | Lair:1   | Killed Prince Ribbit
 19389 | Lair:1   | Reached skill level 14 in Fighting
 19850 | Lair:1   | Noticed Harold
 19863 | Lair:1   | Killed Harold
 19984 | Lair:1   | Noticed Grum
 20013 | Lair:1   | Killed Grum
 20272 | Lair:1   | Found an iron altar of Okawaru.
 20672 | Lair:1   | Found a runed translucent door.
 20839 | Lair:1   | Got a crystal scimitar
 20841 | Lair:1   | Identified the +6 scimitar "Kuongush" {vorpal, Dex+4} (You
                  | found it on level 1 of the Lair of Beasts)
 22136 | Lair:2   | Noticed Erica
 22151 | Lair:2   | Killed Erica
 22237 | Lair:2   | Found a staircase to the Snake Pit.
 22688 | Lair:2   | Got a polished short sword
 22692 | Lair:2   | Identified the +10 short sword "Komaus" {freeze, Will+
                  | Int+2} (You found it on level 2 of the Lair of Beasts)
 22993 | Lair:2   | HP: 5/113 [black mamba (8)]
 23003 | Lair:2   | HP: 5/113 [black mamba (7)]
 23007 | Lair:2   | HP: 2/169 [poisoned by a black mamba]
 23010 | Lair:2   | Succumbed to a black mamba's poison

Illustrated notes

Levels and vault maps discovered:
D:1:      grunt_arrival_crossed_arrows, layout_loops_corners
D:2:      layout_basic, chequers_ecumenical_altar_simple_redux, fedhas_altar_3
D:3:      layout_basic
D:4:      minmay_chambers_of_fours, layout_loops_corners, bloody_makhleb
D:5:      layout_basic, tgw_trog, marbit_many_paths, led_sif_pool, ldierk_geyser
D:6:      layout_gridville, nicolae_dithmenos_through_a_glass_darkly,
          minivault_22
D:7:      layout_cave_pools, gammafunk_temple_overflow_claw,
          minmay_temple_entry_fiery, enter_ossuary_3, uniq_pikel
D:8:      layout_cave_pools, special_room [special_room_orc], serial_undead,
          serial_undead_d, serial_undead_d, serial_undead_b, serial_undead_a
D:9:      layout_basic, serial_shops, shop
D:10:     layout_loops_ring, minmay_lair_entry_grove, erik_orc_3, uniq_erolcha
D:11:     layout_roguey, special_room [special_room_orc], uniq_josephine,
          uniq_gastronok
Lair:1:   gammafunk_lair_enchanted_lake, layout_regular_city, basic_altar,
          minmay_holes, chequers_serial_rivers_room_b, grunt_megastairs_2,
          lemuel_fruit_fields, uniq_prince_ribbit2, uniq_grum, uniq_harold
Lair:2:   wander_river, layout_gridlike, guppyfry_snake_entry_island,
          grunt_megastairs_3, uniq_erica
Lair:3:   nzn_winding_woodlands_cross [nzn_winding_woodlands_5x15_parted,
          nzn_winding_woodlands_5x15_cabin,
          nzn_winding_woodlands_5x15_split_checker,
          nzn_winding_woodlands_5x15_sidewinder,
          nzn_winding_woodlands_15x15_thick_spiral], layout_chaotic_city,
          grunt_forest_large_clearings
Orc:1:    layout_caves, uniq_nergalle
Orc:2:    st_orc_rangers, layout_caves, mines4_lemuel, uniq_saint_roka,
          uniq_urug

Skill      XL: |  1  2  3  4  5  6  7  8  9 10 11 12 13 |
---------------+----------------------------------------+-----
Fighting       | 13 14 | 14.2
Invocations    | 1 2 3 4 5 6 7 8 9 |  9.3
Short Blades   | 1 2 3 4 5 6 7 8 |  8.5
Long Blades    | 1 2 3 4 5 6 7 8 |  8.5
Axes           | 1 2 3 4 5 6 7 8 |  8.5
Maces & Flails | 1 2 3 4 5 6 7 8 |  8.5
Staves         | 1 2 3 4 5 6 7 8 |  8.5
Slings         | 1 2 3 4 5 6 7 8 |  8.5
Bows           | 1 2 3 4 5 6 7 8 |  8.5
Crossbows      | 1 2 3 4 5 6 7 8 |  8.5
Armour         | 1 2 3 4 5 6 7 8 |  8.5
Dodging        | 1 2 3 4 5 6 7 8 |  8.5
Stealth        | 1 2 3 4 5 6 7 8 |  8.5
Shields        | 1 2 3 4 5 6 7 8 |  8.5
Spellcasting   | 1 2 3 4 5 6 7 8 |  8.5
Evocations     | 1 2 3 4 5 6 7 8 |  8.5
Conjurations   | 1 2 3 4 5 6 7 |  7.1
Hexes          | 1 2 3 4 5 6 7 |  7.1
Summonings     | 1 2 3 4 5 6 7 |  7.1
Necromancy     | 1 2 3 4 5 6 7 |  7.1
Translocations | 1 2 3 4 5 6 7 |  7.1
Transmutations | 1 2 3 4 5 6 7 |  7.1
Fire Magic     | 1 2 3 4 5 6 7 |  7.1
Ice Magic      | 1 2 3 4 5 6 7 |  7.1
Air Magic      | 1 2 3 4 5 6 7 |  7.1
Earth Magic    | 1 2 3 4 5 6 7 |  7.1
Poison Magic   | 1 2 3 4 5 6 7 |  7.1
Polearms       | 3 4 5 6 7 8 9 |  9.0
Unarmed Combat | 3 4 5 6 7 8 9 |  9.0
Throwing       | 5 6 7 8 9 |  9.7

Action                   |  1- 3 |  4- 6 |  7- 9 | 10-12 | 13-15 || total
-------------------------+-------+-------+-------+-------+-------++-------
Melee: Dagger            |    37 |       |       |       |       ||    37
       Bite              |     6 |    15 |    35 |    88 |    23 ||   167
       Quarterstaff      |    62 |   141 |       |       |       ||   203
       Flail             |       |    79 |   416 |   764 |   254 ||  1513
       Punch             |       |       |     5 |    19 |     7 ||    31
       Hand axe          |       |       |       |    32 |    63 ||    95
       Scimitar          |       |       |       |       |     9 ||     9
Throw: Dart              |       |       |     1 |     7 |     6 ||    14
       Boomerang         |       |       |       |     4 |     4 ||     8
       Throwing net      |       |       |       |     4 |       ||     4
       Javelin           |       |       |       |     1 |       ||     1
Invok: Wall of Briars    |       |       |     1 |     3 |       ||     4
       Overgrow          |       |       |       |     4 |       ||     4
       Grow Ballistomyce |       |       |       |     6 |     1 ||     7
 Abil: Evoke Flight      |       |       |       |       |     1 ||     1
Evoke: Wand              |       |       |       |     5 |     1 ||     6
  Use: Potion            |       |     1 |     2 |     9 |     5 ||    17
       Scroll            |       |     5 |     4 |    13 |     5 ||    27
 Stab: Sleeping          |       |     3 |       |       |       ||     3
       Confused          |       |       |       |     3 |     1 ||     4
       Held in net/web   |       |       |       |     2 |       ||     2
Armor: Robe              |    10 |    13 |       |       |       ||    23
       Leather armour    |       |     9 |       |       |       ||     9
       Plate armour      |       |    45 |   370 |   544 |    32 ||   991
       Skin              |       |     4 |    12 |       |       ||    16
       Chain mail        |       |       |       |       |   122 ||   122
Dodge: Dodged            |    57 |    90 |   190 |   322 |   113 ||   772
Block: Other             |    14 |    42 |   141 |   230 |    66 ||   493
       Reflection        |       |       |     1 |     3 |     2 ||     6
       Rpst.: Scimitar   |       |       |       |       |     1 ||     1

Table legend: (Time is in decaauts)
 A = Elapsed time spent in this place.
 B = Non-inter-level travel time spent in this place.
 C = Inter-level travel time spent in this place.
 D = Time resting spent in this place.
 E = Time spent auto-exploring this place.
 F = Levels seen in this place.
 G = Mean time per level.
                   A        B        C        D        E       F      G
               +--------+--------+--------+--------+--------+-----+--------+
         Total |  23328 |  22757 |    571 |   9578 |   8223 |  17 | 1372.2 |
       Dungeon |  16730 |  16218 |    512 |   6456 |   6449 |  11 | 1520.9 |
          Lair |   4223 |   4190 |     33 |   1978 |   1390 |   3 | 1407.7 |
  Orcish Mines |   1964 |   1939 |     25 |   1144 |    343 |   2 |  982.0 |
       Ossuary |    410 |    410 |      0 |      0 |     40 |   1 |  410.0 |
               +--------+--------+--------+--------+--------+-----+--------+

Top non-repeatable levels by time:
    D:10: 3251 daAuts
  Lair:1: 2231 daAuts
  Lair:2: 1987 daAuts
   Orc:1: 1890 daAuts
    D:11: 1750 daAuts
     D:4: 1713 daAuts
     D:2: 1664 daAuts
     D:8: 1624 daAuts
     D:7: 1573 daAuts
     D:1: 1433 daAuts
     D:9: 1091 daAuts
     D:5: 1026 daAuts
     D:6: 920 daAuts
     D:3: 682 daAuts
 Ossuary: 410 daAuts
